AoeStats
← Stahlzie

Oasis

510160103Analyzed
2v2 RM · 2d ago on Sep 29, 2026· 49m 46s· 4 players
Game mode
Random Map
Map size
Medium (4 player)
Population
200
Speed
Normal
Resources
Standard
Victory
Conquest
Starting age
Dark Age
Ending age
Imperial Age
RankedLock teamsTeams togetherTeam positionsShared explorationLock speedFull tech treeHidden civsTurbo modeCheats
Victory
Defeat
🇬🇧 Danes · United Kingdom
1306
+15
🇬🇧 Saxons · United Kingdom
1305
+15
🇺🇸 Poles · United States
1315
-15
🇺🇸 Goths · United States
1272
-15
dannyly2
7:35 Loom
9:53 Feudal Age
10:00 Feudal Age
11:01 Double-Bit Axe
16:44 Castle Age
15:40 Horse Collar
16:40 Fletching
18:06 Bow Saw
18:52 Bodkin Arrow
19:11 Bodkin Arrow
21:14 Crossbowman
24:47 Scale Mail Armor
26:39 Wheelbarrow
26:58 Heavy Plow
33:12 Imperial Age
32:22 Chain Mail Armor
32:07 Gold Mining
32:27 Squires
32:14 Pikeman
34:19 Halberdier
36:00 Gold Shaft Mining
36:41 Bracer
36:36 Arbalester
37:21 Thumb Ring
37:41 Ballistics
38:27 Padded Archer Armor
38:58 Plate Mail Armor
40:59 Forging
41:06 Leather Archer Armor
40:16 Elite Varangian Guard
41:44 Hand Cart
41:09 Shield Wall
42:15 Caravan
43:49 Ring Archer Armor
45:24 Iron Casting
46:00 Chemistry
Johnifon
6:04 Loom
10:27 Feudal Age
12:04 Double-Bit Axe
12:03 Horse Collar
17:10 Castle Age
20:27 Bow Saw
21:29 Wheelbarrow
23:40 Gold Mining
30:32 Fletching
31:13 Bodkin Arrow
31:19 Padded Archer Armor
36:50 Imperial Age
36:30 Scale Mail Armor
38:02 Hand Cart
37:35 Town Watch
38:28 Chain Mail Armor
39:09 Conscription
40:45 Plate Mail Armor
40:30 Forging
40:41 Hamask
42:28 Iron Casting
43:28 Elite Jomsviking
45:17 Blast Furnace
46:21 Gold Shaft Mining
46:30 Gold Shaft Mining
45:52 Heavy Scorpion
48:50 Ballistics
51:20 Chemistry
LYR92426
9:37 Feudal Age
8:48 Loom
10:26 Double-Bit Axe
11:10 Horse Collar
15:56 Wheelbarrow
20:13 Castle Age
19:34 Forging
19:35 Bloodlines
19:33 Gold Mining
20:53 Light Cavalry
21:40 Scale Barding Armor
21:50 Bow Saw
22:33 Husbandry
22:42 Stone Mining
24:18 Hand Cart
27:32 Heavy Plow
28:08 Town Watch
34:45 Imperial Age
33:41 Stone Shaft Mining
34:30 Chain Barding Armor
34:52 Squires
34:38 Arson
34:13 Pikeman
35:09 Scale Mail Armor
35:45 Iron Casting
36:33 Cavalier
37:36 Conscription
38:19 Blast Furnace
39:36 Crop Rotation
38:43 Elite Obuch
39:48 Lechitic Legacy
39:58 Chain Mail Armor
39:37 Fletching
40:59 Chemistry
40:21 Ballistics
41:03 Szlachta Privileges
41:18 Winged Hussar
42:50 Plate Mail Armor
44:34 Siege Engineers
44:09 Treadmill Crane
44:48 Masonry
45:01 Bodkin Arrow
46:06 Capped Ram
48:40 Hoardings
48:07 Siege Ram
Stahlzie
0:25 Loom
9:53 Feudal Age
10:25 Double-Bit Axe
10:21 Horse Collar
10:07 Man-at-Arms
20:50 Castle Age
19:22 Stone Mining
21:39 Wheelbarrow
21:06 Long Swordsman
21:47 Squires
24:13 Scale Mail Armor
26:16 Chain Mail Armor
26:11 Forging
27:33 Forging
31:45 Iron Casting
33:57 Bow Saw
34:32 Murder Holes
38:53 Imperial Age
37:09 Heavy Plow
38:33 Anarchy
39:13 Two-Handed Swordsman
40:54 Hand Cart
40:25 Town Watch
40:53 Perfusion
41:08 Capped Ram
44:17 Ballistics
44:53 Conscription
44:37 Champion
45:30 Town Patrol
Connection lost

Rejoining the realm…

Still unreachable

The connection could not be restored.

Session expired

The server has moved on; the page needs a fresh start.